 Dungeon Crawl Stone Soup version 0.27.1-35-g4d5d836560 (console) character file.

Game seed: 7511096347058384601

14003 grimtooth the Destroyer (level 12, -21/72 (76) HPs)
             Began as a Tengu Conjurer on Mar 24, 2022.
             Was an Elder of Vehumet.
             Demolished by a minotaur (36 damage)
             ... in a Gauntlet on Mar 25, 2022.
             The game lasted 01:25:13 (12449 turns).

grimtooth the Destroyer (Tengu Conjurer)           Turns: 12449, Time: 01:25:14

HP:   -21/72 (76)   AC:  7    Str:  8    XL:     12   Next: 11%
MP:   4/22          EV: 16    Int: 28    God:    Vehumet [****..]
Gold: 433           SH:  0    Dex: 18    Spells: 9/23 levels left

rFire    + . .     SeeInvis .   a - +2 dagger (elec)
rCold    . . .     Faith    .   (no shield)
rNeg     . . .     Spirit   .   C - +1 leather armour {rF+}
rPois    .         Reflect  .   I - +2 hat
rElec    .         Harm     .   G - +0 cloak
rCorr    .         Rampage  .   (no gloves)
Will     +....     NoTele   +   (boots unavailable)
Stlth    +.........             (no amulet)
HPRegen  0.22/turn              h - ring of willpower
MPRegen  0.18/turn              y - ring "Boomue" {Int+4 Dex+6 Stlth-}

@: freezing walls, flying quickly and evasively, hasted, studying Shields,
drained, very quick
A: beak, talons 3, nimble flight
a: Renounce Religion


You were in a Gauntlet.
You worshipped Vehumet.
Vehumet was greatly pleased with you.
You visited 1 branch of the dungeon, and saw 11 of its levels.
You also visited: Ossuary and Gauntlet.

You collected 503 gold pieces.
You spent 70 gold pieces at shops.

Inventory:

Hand Weapons
 a - a +2 dagger of electrocution (weapon)
 U - a +4 demon blade of flaming
Missiles
 f - 3 throwing nets {=f}
 l - 7 boomerangs
 x - 35 poisoned darts
 D - 136 arrows
 R - 49 stones (quivered)
 V - a curare-tipped dart
Armour
 b - the +1 hat of Uskayaw's Hope {rCorr}
   (You found it in a Gauntlet)

   rCorr:     It protects you from acid and corrosion.
 m - +0 steam dragon scales
 C - a +1 leather armour of fire resistance (worn)
 G - a +0 cloak (worn)
 I - a +2 hat (worn)
Magical Staves
 o - a staff of fire
Jewellery
 g - the ring of Joy {Fire rPois}
   (You found it in a Gauntlet)

   [ring of fire]

   It enhances your fire magic.
   rF:        It protects you from fire.
   rC:        It makes you vulnerable to cold.
   rPois:     It protects you from poison.
 h - a ring of willpower (left hand)
 y - the ring "Boomue" (right hand) {Int+4 Dex+6 Stlth-}
   (You found it on level 4 of the Dungeon)

   [ring of dexterity]

   Int:       It affects your intelligence (+4).
   Dex:       It affects your dexterity (+6).
   Stlth:     It makes you less stealthy.
Wands
 d - a wand of polymorph (3)
 H - a wand of digging (4)
 K - a wand of charming (9)
 N - a wand of iceblast (11)
 T - a wand of acid (7)
Scrolls
 e - 2 scrolls of enchant weapon {unknown}
 i - 3 scrolls of brand weapon
 k - 6 scrolls of teleportation
 r - 2 scrolls of amnesia {unknown}
 u - a scroll of silence {unknown}
 A - 2 scrolls of magic mapping {unknown}
 E - a scroll of fog {unknown}
 F - a scroll of noise {unknown}
 L - a scroll of holy word {unknown}
 O - a scroll of enchant armour {unknown}
 P - 2 scrolls of blinking {unknown}
Potions
 c - a potion of cancellation
 j - 2 potions of brilliance
 n - a potion of magic
 q - 2 potions of invisibility
 s - 4 potions of curing
 t - a potion of mutation
 w - a potion of lignification
 z - 2 potions of attraction
 M - a potion of might
 Q - a potion of haste


   Skills:
 - Level 9.0 Fighting
 + Level 3.6 Short Blades
 + Level 4.4 Dodging
 - Level 2.0 Stealth
 - Level 6.0 Spellcasting
 - Level 12.0 Conjurations
 - Level 6.0 Hexes
 - Level 6.0 Translocations
 - Level 6.0 Ice Magic


You had 9 spell levels left.
You knew the following spells:

 Your Spells              Type           Power      Damage    Failure   Level
a - Magic Dart            Conj           100%       1d8       1%          1
b - Searing Ray           Conj           100%       3d7       1%          2
c - Frozen Ramparts       Ice            84%        1d10      1%          3
d - Iskenderun's Mystic   Conj/Tloc      56%        2d12      1%          4
f - Fulminant Prism       Conj/Hex       28%        3d14      1%          4

Your spell library contained the following spells:

 Spells                   Type           Power      Damage    Failure   Level
 Mephitic Cloud           Conj/Pois/Air  30%        N/A       1%          3
 Static Discharge         Conj/Air       42%        N/A       1%          2
 Dazzling Flash           Conj/Hex       100%       N/A       1%          3
 Portal Projectile        Hex/Tloc       84%        N/A       2%          3
 Poisonous Vapours        Pois/Air       16%        N/A       3%          2
 Freezing Cloud           Conj/Ice/Air   21%        6-21      5%          5
 Lightning Bolt           Conj/Air       21%        1d36      5%          5
 Animate Skeleton         Necr           16%        N/A       9%          1
 Beastly Appendage        Tmut           16%        N/A       9%          1
 Pain                     Necr           32%        1d5       9%          1
 Corpse Rot               Necr/Air       N/A        N/A       13%         2
 Sublimation of Blood     Necr           4%         N/A       13%         2
 Wereblood                Tmut           8%         N/A       13%         2
 Call Canine Familiar     Summ           8%         N/A       26%         3
 Spider Form              Tmut/Pois      4%         N/A       26%         3
 Vampiric Draining        Necr           4%         2d6       26%         3
 Leda's Liquefaction      Hex/Erth       12%        N/A       26%         4
 Summon Ice Beast         Ice/Summ       25%        N/A       26%         4
 Summon Mana Viper        Hex/Summ       25%        N/A       56%         5
 Monstrous Menagerie      Summ           4%         N/A       100%        7
 Summon Hydra             Summ           4%         N/A       100%        7
 Maxwell's Capacitive Co  Air            4%         ∞         100%        8


Dungeon Overview and Level Annotations

Branches:
Dungeon (11/15)            Temple (0/1) D:5         Ossuary (visited)
Gauntlet (1/1)
   Lair: D:8-11         Orc: D:9-12

Altars:
Dithmenos
Gozag
Hepliaklqana
Kikubaaqudgha
Makhleb
Okawaru
Ru
Sif Muna
Vehumet
Yredelemnul
The Shining One

Shops:
D:2 =   D:3 =   D:11 =*=:

Portals:
Abyss: D:10

Annotations:
D:10 2 transporters Gauntlet 6 transporters


Innate Abilities, Weirdness & Mutations

You have a beak for a mouth.
You have claws for feet.
Your magical nature lets you fly swiftly and evasively.


Message History

Confirm with . or Enter, or press ? or * to list all spells.
You erupt in a blast of force!
The mystic blast hits the minotaur!
The minotaur is moderately wounded.
The minotaur is knocked back by the mystic blast.
The minotaur slams into the metal wall!
Your fulminant prism explodes!
The blast of energy engulfs the minotaur!
The minotaur is heavily wounded.
The wall freezes the minotaur.
Press: ? - help, v - describe, . - travel
Here: a minotaur, wielding a +0 quarterstaff of draining, wearing a +0 chain mail and quivering javelins (heavily wounded)
The floor.
You barely miss the minotaur.
The minotaur furiously retaliates!
The minotaur headbutts you!
You claw the minotaur.
The minotaur is heavily wounded.
The wall freezes the minotaur.
The minotaur hits you with a +0 quarterstaff of draining!!
You feel drained.
The minotaur gores you but does no damage.
Okay, then.
Casting: Iskenderun's Mystic Blast (mildly dangerous; 1% risk of failure)
Confirm with . or Enter, or press ? or * to list all spells.
You erupt in a blast of force!
The mystic blast hits the minotaur!
The minotaur is severely wounded.
The wall freezes the minotaur!
The minotaur hits you with a +0 quarterstaff of draining.
You feel drained. The minotaur gores you!
* * * LOW HITPOINT WARNING * * *
Okay, then.
Okay, then.
Enter note: - shit
Okay, then.
Press: ? - help, v - describe, . - travel
Here: a minotaur, wielding a +0 quarterstaff of draining, wearing a +0 chain mail and quivering javelins (severely wounded)
The floor.
You feel yourself speed up.
The wall freezes the minotaur!
The minotaur hits you with a +0 quarterstaff of draining!!!
Ouch! That really hurt!
You die...

.#.####..#..######
##.#...#.#..≈##..######
©#2#.©.#©#..###..##...
##h#...#.#..≈##..##.#
.#..####.#..###.....# #
.#.......#..#....##.##.#
.#########..#©...##... #
..........∩.#....##*# .#
............#.......# H.
##########..#©..H##.##.#
2.4#.#...#..#...@##.H..#
2.#...#..#..###..##.##.#
.##...##(#..≈##.....# #
#..#.##.?#..###..##.#
....©.#.©#..≈ #..##..
#.. #..#### ####


You could see a minotaur.

Vanquished Creatures
  Harold (D:6)
  A hydra (D:10)
  A two-headed ogre (D:9)
  A deep elf pyromancer (D:8)
  Pikel (D:7)
  An ugly thing (D:11)
  Joseph (D:8)
  A smoke demon (Gauntlet)
  Maggie (D:6)
  A gargoyle (D:9)
  Psyche (D:8)
  4 kobold demonologists
  A komodo dragon (D:11)
  An ice devil (Gauntlet)
  A red devil (Gauntlet)
  Grinder (D:6)
  Prince Ribbit (D:7)
  A wraith (D:10)
  11 yaks
  A wyvern (D:9)
  2 steam dragons (D:6)
  Edmund (D:5)
  2 acid dragons
  A water moccasin (D:6)
  2 hornet zombies (D:8)
  2 orc warriors
  2 ice beasts
  2 ogres
  A centaur (D:10)
  6 necrophages
  2 lemures (D:7)
  2 phantoms
  7 kobold brigands
  Blork the orc (D:5)
  3 bullfrogs
  2 gnoll sergeants
  A water moccasin skeleton (D:5)
  4 killer bees (D:9)
  5 wights (D:8)
  An electric eel (D:8)
  3 jellies
  3 centaur zombies
  4 crimson imps (Gauntlet)
  6 hounds
  A bullfrog zombie (D:7)
  3 bullfrog skeletons
  An orc priest (D:5)
  2 centaur skeletons (D:7)
  2 iguanas
  2 orc wizards
  2 killer bee zombies
  2 howler monkey zombies
  16 mummies
  12 gnolls
  3 adders
  A howler monkey skeleton (D:7)
  4 white imps (Gauntlet)
  An ufetubus (D:5)
  A worm (D:5)
  2 dart slugs
  18 orcs
  3 ball pythons
  5 bats
  7 endoplasms
  2 giant cockroaches
  4 goblins
  4 hobgoblins
  3 quokkas
  3 frilled lizards (D:1)
  2 gnoll skeletons (Ossuary)
  3 goblin skeletons (Ossuary)
  14 kobolds
  3 orc skeletons (Ossuary)
  6 rats (D:1)
  11 rat skeletons (Ossuary)
  A spectral orc (D:10)
242 creatures vanquished.

Vanquished Creatures (others)
  11 fulminant prisms
  2 fungi (D:11)
  19 plants (D:11)
  4 withered plants (D:8)
36 creatures vanquished.

Grand Total: 278 creatures vanquished

Notes
Turn   | Place    | Note
-------+----------+-------------------------------------------
     0 | D:1      | grimtooth the Tengu Conjurer began the quest for the Orb.
     0 | D:1      | Reached XP level 1. HP: 10/10 MP: 4/4
   201 | D:1      | Reached XP level 2. HP: 10/15 MP: 4/6
   832 | D:1      | Reached XP level 3. HP: 17/19 MP: 2/8
  1038 | D:2      | Learned a level 2 spell: Searing Ray
  1114 | D:2      | Found Taddaduv's Jewellery Boutique.
  1272 | D:2      | Found a faded altar of an unknown god.
  1976 | D:3      | Reached skill level 6 in Conjurations
  1978 | D:3      | Reached XP level 4. HP: 14/24 MP: 1/10
  2372 | D:3      | Found Moqamaor's Jewellery Boutique.
  2480 | D:3      | Found a shimmering blue altar of Sif Muna.
  2481 | D:3      | Found an ancient bone altar of Kikubaaqudgha.
  2482 | D:3      | Found a radiant altar of Vehumet.
  2488 | D:3      | Became a worshipper of Vehumet
  2770 | D:4      | Noticed a necrophage
  2778 | D:4      | Gained mutation: Your magical nature lets you fly swiftly
                  | and evasively. [Tengu growth]
  2778 | D:4      | Reached XP level 5. HP: 28/28 MP: 7/12
  2784 | D:4      | Killed a necrophage
  2785 | D:4      | Reached skill level 7 in Conjurations
  2796 | D:4      | Reached XP level 6. HP: 32/32 MP: 0/13
  2918 | D:4      | Reached skill level 8 in Conjurations
  2990 | D:4      | Found a sand-covered staircase.
  2999 | Ossuary  | Entered an ossuary
  3200 | Ossuary  | Reached * piety under Vehumet
  3200 | Ossuary  | Offered knowledge of Freeze by Vehumet.
  3267 | Ossuary  | Reached skill level 9 in Conjurations
  3442 | Ossuary  | Reached skill level 1 in Fighting
  3598 | Ossuary  | Reached XP level 7. HP: 39/39 MP: 10/14
  3899 | D:4      | Found a hazy altar of Hepliaklqana.
  3926 | D:4      | Identified the ring "Boomue" {Int+4 Dex+6 Stlth-}
  4361 | D:4      | Learned a level 4 spell: Fulminant Prism
  4376 | D:5      | Entered Level 5 of the Dungeon
  4403 | D:5      | Noticed Blork the orc
  4424 | D:5      | Killed Blork the orc
  4465 | D:5      | Reached skill level 1 in Hexes
  4468 | D:5      | Noticed Edmund
  4650 | D:5      | Killed Edmund
  4807 | D:5      | Reached XP level 8. HP: 48/48 MP: 9/15
  4960 | D:5      | Reached ** piety under Vehumet
  4960 | D:5      | Offered knowledge of Shock by Vehumet.
  5141 | D:5      | Found a staircase to the Ecumenical Temple.
  5700 | D:5      | Learned a level 4 spell: Iskenderun's Mystic Blast
  5701 | D:6      | Found an iron altar of Okawaru.
  5701 | D:6      | Found a burning altar of Makhleb.
  5701 | D:6      | Found a glowing golden altar of the Shining One.
  5701 | D:6      | Found a shadowy altar of Dithmenos.
  5714 | D:6      | - careless, careless...
  5717 | D:6      | Reached skill level 5 in Fighting
  6130 | D:6      | Noticed Grinder
  6140 | D:6      | Killed Grinder
  6141 | D:6      | Reached XP level 9. HP: 31/55 MP: 7/16
  6590 | D:6      | Noticed Maggie
  6605 | D:6      | Killed Maggie
  6606 | D:6      | Reached skill level 5 in Spellcasting
  6998 | D:7      | Offered knowledge of Frozen Ramparts by Vehumet.
  6998 | D:7      | Noticed Harold
  7106 | D:7      | Paralysed by Harold for 5 turns
  7125 | D:6      | HP: 3/82 [Harold (12)]
  7132 | D:6      | Killed Harold
  7133 | D:6      | Reached skill level 11 in Conjurations
  7133 | D:6      | Reached XP level 10. HP: 9/60 MP: 3/20
  7133 | D:6      | - whew
  7951 | D:7      | Noticed Prince Ribbit
  7966 | D:7      | Learned a level 3 spell: Frozen Ramparts
  7982 | D:7      | Killed Prince Ribbit
  8165 | D:7      | Noticed Pikel
  8172 | D:7      | Killed Pikel
  8173 | D:7      | Reached skill level 1 in Ice Magic
  8470 | D:8      | Noticed Psyche
  8477 | D:8      | Killed Psyche
  8478 | D:8      | Reached skill level 12 in Conjurations
  8597 | D:8      | Reached *** piety under Vehumet
  8819 | D:8      | Noticed a deep elf pyromancer
  8833 | D:8      | Killed a deep elf pyromancer
  8835 | D:8      | Noticed Joseph
  8912 | D:8      | Killed Joseph
  9191 | D:8      | Offered knowledge of Olgreb's Toxic Radiance by Vehumet.
  9350 | D:8      | Found an opulent altar of Gozag.
  9466 | D:8      | Found a sacrificial altar of Ru.
  9639 | D:9      | Reached XP level 11. HP: 63/69 MP: 14/21
  9642 | D:9      | Reached skill level 5 in Ice Magic
  9712 | D:9      | Noticed a two-headed ogre
  9719 | D:9      | Killed a two-headed ogre
  9795 | D:9      | You are sucked into a shaft and drop 1 floor!
  9795 | D:10     | Entered Level 10 of the Dungeon
  9986 | D:9      | You are sucked into a shaft and drop 1 floor!
  9987 | D:10     | - I thought it was one per floor
 10104 | D:9      | Noticed a two-headed ogre
 10144 | D:10     | Reached **** piety under Vehumet
 10684 | D:10     | Noticed a worldbinder
 10730 | D:10     | Found a transporter.
 10770 | D:10     | Noticed a four-headed hydra
 10783 | D:10     | Killed a four-headed hydra
 10841 | D:10     | Found a basalt altar of Yredelemnul.
 10889 | D:10     | Found a one-way gate to the infinite horrors of the Abyss.
 10894 | D:10     | Found a transporter.
 11163 | D:10     | Reached skill level 5 in Translocations
 11166 | D:10     | Reached skill level 5 in Hexes
 11616 | D:10     | Noticed a white ugly thing
 11783 | D:11     | Found Nuottotorph's Jewellery Shoppe.
 11792 | D:11     | Found Xappe's Book Boutique.
 11842 | D:11     | Noticed a cyan ugly thing
 11859 | D:11     | Killed a cyan ugly thing
 11911 | D:11     | Found Sirref's Jewellery Boutique.
 11927 | D:11     | Offered knowledge of Mephitic Cloud by Vehumet.
 11933 | D:11     | Reached skill level 1 in Short Blades
 11939 | D:11     | Reached XP level 12. HP: 44/76 MP: 4/22
 11947 | D:11     | Found a gate leading to a gauntlet.
 11948 | D:11     | Found Silapt's General Store.
 11951 | D:11     | Bought a scroll of identify for 28 gold pieces
 11951 | D:11     | Bought a potion of curing for 42 gold pieces
 11972 | Gauntlet | Entered a Gauntlet
 11972 | Gauntlet | Found a transporter.
 11972 | Gauntlet | Found a transporter.
 11972 | Gauntlet | Found a transporter.
 11973 | Gauntlet | Found a transporter.
 11974 | Gauntlet | Found a transporter.
 11974 | Gauntlet | Noticed a soul eater
 11977 | Gauntlet | Found a transporter.
 11981 | Gauntlet | Found a runed translucent door.
 11981 | Gauntlet | Found a runed translucent door.
 11984 | Gauntlet | Found a transporter.
 11985 | Gauntlet | Found a transporter.
 11986 | Gauntlet | Found a transporter.
 11988 | Gauntlet | Found a transporter.
 11990 | Gauntlet | Noticed a green death
 11995 | Gauntlet | Noticed a hell beast
 11999 | Gauntlet | Found a transporter.
 12000 | Gauntlet | Found a transporter.
 12245 | Gauntlet | Identified the +1 hat of Uskayaw's Hope {rCorr}
 12420 | Gauntlet | Identified the ring of Joy {Fire rPois}
 12437 | Gauntlet | Noticed a minotaur
 12449 | Gauntlet | - shit
 12449 | Gauntlet | Demolished by a minotaur

Illustrated notes ......##### ..........# ............# #............# ..............# ..............# ##..........<# (........#...# #............# #...._.Z...# #..._8_l@..# ##..._.h.### ##......# ####...# ##### Turn 5714 on D:6: - careless, careless... #....#######... ###........#... #........#... #......).#... ##........#### #.........#### #...........#. ##...[.....#... ##.............. ###....#########.. #♣)............... ###..#.#####..##.. ###...#.#.......... #.........####..... #####.#.### ###### #......# # #......# # ##......# #.......####### #...(.........## #.......#####..## Turn 7133 on D:6: - whew # ## # ##.### # ##..... # #.....# # #.#....# # #....@# #......# #.##..#.# #..#.# #. ..# .. ..# .. ... ... .... Turn 9987 on D:10: - I thought it was one per floor

.#.####..#..######
##.#...#.#..≈##..######
©#2#.©.#©#..###..##...
##h#...#.#..≈##..##.#
.#..####.#..###.....# #
.#.......#..#....##.##.#
.#########..#©...##... #
..........∩.#....##*# .#
............#.......# H.
##########..#©..H##.##.#
2.4#.#...#..#...@##.H..#
2.#...#..#..###..##.##.#
.##...##(#..≈##.....# #
#..#.##.?#..###..##.#
....©.#.©#..≈ #..##..
#.. #..#### ####


Turn 12449 on Gauntlet: - shit

Levels and vault maps discovered:
D:1:      amcnicky_arrival_double_pillar, layout_loops_ring
D:2:      layout_basic, hellmonk_ecumenical_altar_slurped_away, serial_shops,
          nicolae_diamond_shop
D:3:      layout_basic, grunt_temple_overflow_magic_moments, serial_shops,
          shop_statue, minmay_fountain_box
D:4:      layout_basic, kennysheep_mini, chequers_ossuary_entry_cave
D:5:      layout_loops_ring, minmay_temple_entry_grid,
          kennysheep_generic_room_8, uniq_blork_the_orc, uniq_edmund
D:6:      layout_rooms, chequers_temple_overflow_statue_of_worship, uniq_maggie,
          uniq_grinder
D:7:      layout_loops_ring, uniq_prince_ribbit1, uniq_pikel, uniq_harold
D:8:      layout_loops_ring, lemuel_doored_altar, mainiacjoe_overflow_brackets,
          serial_undead, serial_undead_f, serial_undead_a, serial_undead_e,
          serial_undead_d, serial_undead_f, serial_undead_c, serial_undead_f,
          serial_undead_a, minivault_23, uniq_psyche, uniq_joseph
D:9:      layout_roguey, mainiacjoe_overflow_surrounded_room,
          old_standard_altar, orc_0_dummy, kennysheep_small_square
D:10:     layout_loops_corners, yredelemnul_forgotten_temple_becter,
          gammafunk_ghost_abyssal_escape
D:11:     layout_layer_cave, minmay_lair_entry_grove, gauntlet_entry_generic,
          serial_shops, shop, nicolae_shop_behind_doors, shop_fountains, shop,
          nicolae_stop_n_shop_2
Gauntlet: minmay_gauntlet_mixed_big_or_small [nicolae_gauntlet_arena_blocks,
          minmay_gauntlet_arena_77_checkered, gammafunk_gauntlet_arena_grid,
          minmay_gauntlet_arena_77_shame_cube,
          gammafunk_gauntlet_arena_chambers, minmay_gauntlet_arena_77_box,
          gauntlet_exit_watery]

Skill      XL: |  1  2  3  4  5  6  7  8  9 10 11 12 |
---------------+-------------------------------------+-----
Spellcasting   | 3 4 6 |  6.0
Conjurations   | 6 7 9 11 12 | 12.0
Fighting       | 1 3 6 8 9 |  9.0
Hexes          | 2 4 6 |  6.0
Translocations | 2 4 6 |  6.0
Ice Magic      | 4 6 |  6.0
Short Blades   | 2 3 |  3.6
Dodging        | 3 4 |  4.4
Stealth        | |  2.0

Action                   |  1- 3 |  4- 6 |  7- 9 | 10-12 || total
-------------------------+-------+-------+-------+-------++-------
Melee: Kick              |     2 |       |     3 |    14 ||    19
       Unarmed           |     1 |       |       |       ||     1
       Whip              |     2 |       |     5 |    12 ||    19
       Hand axe          |       |       |     5 |       ||     5
       Peck              |       |       |     2 |     6 ||     8
       Dagger            |       |       |       |    30 ||    30
Throw: Stone             |       |     1 |    18 |    10 ||    29
 Cast: Magic Dart        |    61 |    18 |    23 |    38 ||   140
       Searing Ray       |     3 |    21 |    56 |    71 ||   151
       Iskenderun's Myst |       |       |     6 |    18 ||    24
       Fulminant Prism   |       |       |     4 |     7 ||    11
       Frozen Ramparts   |       |       |       |     4 ||     4
Evoke: Wand              |       |       |       |     8 ||     8
  Use: Scroll            |       |     4 |     7 |     5 ||    16
       Potion            |       |       |     5 |     2 ||     7
Armor: Leather armour    |       |       |     9 |    28 ||    37
       Skin              |       |       |     3 |       ||     3
Dodge: Dodged            |     4 |     1 |    36 |    77 ||   118
